 Dungeon Crawl Stone Soup version 0.29.1-12-g30fa7ad0bf (webtiles) character file.

Game seed: 12389951186838345095

554 boopmooplesden the Chopper (level 7, -7/56 HPs)
             Began as a Palentonga Fighter on Jan 6, 2023.
             Mangled by Duvessa
             ... wielding a +0 short sword
              (16 damage)
             ... on level 6 of the Dungeon.
             The game lasted 00:04:41 (3495 turns).

boopmooplesden the Chopper (Palentonga Fighter)     Turns: 3495, Time: 00:04:42

Health: -7/56      AC: 15    Str: 24    XL:     7   Next: 8%
Magic:  7/7        EV:  6    Int:  8    God:
Gold:   191        SH:  4    Dex:  9    Spells: 6/6 levels left

rFire   . . .      SeeInvis +   a - +0 war axe
rCold   . . .      Faith    .   c - +0 buckler
rNeg    . . .      Spirit   .   v - +0 chain mail
rPois   .          Reflect  .   (no helmet)
rElec   .          Harm     .   (no cloak)
rCorr   .          Rampage  .   (no gloves)
Will    .....                   (no barding)
Stlth   ..........              (no amulet)
HPRegen 0.18/turn               (no ring)
MPRegen 0.10/turn               (no ring)

@: curled up
A: large, rugged brown scales 3, see invisible, deformed body, roll 1, armoured
tail, reflexive curl
a: Rolling Charge


You were on level 6 of the Dungeon.
You visited 1 branch of the dungeon, and saw 6 of its levels.

You collected 191 gold pieces.

Inventory:

Hand Weapons
 a - a +0 war axe (weapon)
 u - a +4 flail of draining
Missiles
 x - 2 throwing nets
Armour
 b - a +0 scale mail
 c - a +0 buckler (worn)
 v - a +0 chain mail (worn)
Jewellery
 f - a +4 ring of slaying
 l - a ring of protection from fire
 n - a ring of protection from fire
 q - a +4 ring of evasion
Wands
 m - a wand of paralysis (11)
Scrolls
 e - 3 scrolls of teleportation
 i - 4 scrolls of identify
 r - a scroll of vulnerability
 s - a scroll of butterflies {unknown}
 t - a scroll of noise {unknown}
 w - a scroll of enchant armour {unknown}
 y - a scroll of poison {unknown}
Potions
 d - 2 potions of might
 g - a potion of haste {unknown}
 h - a potion of ambrosia {unknown}
 j - 2 potions of heal wounds
 k - a potion of resistance {unknown}
 o - a potion of lignification {unknown}
 p - a potion of curing {unknown}


   Skills:
 + Level 3.8 Fighting
 + Level 5.3 Axes
 + Level 3.9 Armour
 + Level 1.1 Dodging
 + Level 1.1 Stealth
 + Level 3.3 Shields


You had 6 spell levels left.
You didn't know any spells.
Your spell library contained the following spells:

 Spells                   Type           Power      Damage    Failure   Level
 Freeze                   Ice            0%         1d3       98%         1
 Frozen Ramparts          Ice            0%         1d1       100%        3
 Hailstorm                Conj/Ice       0%         3d3       100%        4
 Passage of Golubria      Tloc           0%         N/A       100%        4
 Silence                  Hex/Air        0%         N/A       100%        5
 Lehudib's Crystal Spear  Conj/Erth      0%         10d2      100%        8


Dungeon Overview and Level Annotations

Branches:
Dungeon (6/15)             Temple (0/1) D:6

Altars:
Dithmenos
Fedhas
Qazlal

Annotations:
D:6 Duvessa


Innate Abilities, Weirdness & Mutations

You are completely covered in rugged brown scales. (AC +3, +7% HP)
You have supernaturally acute eyesight. (SInv)
Armour fits poorly on your strangely shaped body.
You can roll at nearby foes to attack.
You have a long armoured tail.
You curl defensively after being hit. (AC +7*)


Message History

Dowan attacks as you move away! Dowan hits you but does no damage.
Dowan gestures at you while chanting. The puff of frost hits you.
Duvessa says, "My weaknesses are his strengths!"
Aiming: Paralyse
Press: ? - help, Shift-Dir - straight line, f - Dowan
Aim: Dowan, wielding a +0 dagger and wearing a +0 robe (chance to affect: 49%) Dowan suddenly stops moving!
The helpless Dowan fails to defend himself.
You slash Dowan!
Dowan is heavily wounded.
The helpless Dowan fails to defend himself.
You slash Dowan!
Dowan is severely wounded.
The helpless Dowan fails to defend himself.
You slash Dowan!
You kill Dowan!
Duvessa screams, "No!
How DARE you!"
Duvessa goes berserk!
Duvessa rages.
Duvessa hits you but does no damage.
You have reached level 7!
You now curl defensively after being hit.
You hit Duvessa but do no damage. Duvessa barely misses you.
Duvessa hits you with a +0 short sword!
You hit Duvessa.
Duvessa is lightly wounded.
Duvessa barely misses you. Duvessa hits you with a +0 short sword!
You slash Duvessa!
Duvessa is moderately wounded.
You block Duvessa's attack. Duvessa hits you with a +0 short sword!
* * * LOW HITPOINT WARNING * * *
You hit Duvessa but do no damage.
Duvessa is moderately wounded.
Duvessa hits you with a +0 short sword.
* * * LOW HITPOINT WARNING * * *
You hit Duvessa but do no damage.
Duvessa is moderately wounded.
Duvessa hits you with a +0 short sword!
You die...

.# ..⌠.>.⌠..
###### .
#.......# .....#
#...#.⌠.#..
.....#
#.#....e...
.....#
#....#.#.$.
.....# #........
.....# #)..#....
######
########........
#....@e..###..).
#.######## ...
#.# .. #.# . #.#
#.#
############.#
.............#
##############


You could see Duvessa (berserk).

Vanquished Creatures
  Edmund (D:4)
  A phantom (D:4)
  A scorpion (D:4)
  Dowan (D:6)
  2 orc priests
  2 orc wizards (D:3)
  Natasha (D:4)
  4 adders
  A gnoll (D:1)
  A worm (D:3)
  4 dart slugs
  8 orcs
  4 ball pythons
  6 endoplasms
  6 goblins
  6 hobgoblins
  4 quokkas
  6 bats
  4 frilled lizards
  4 kobolds
  5 rats
72 creatures vanquished.

Vanquished Creatures (others)
  53 plants
53 creatures vanquished.

Grand Total: 125 creatures vanquished

Notes
Turn   | Place    | Note
-------+----------+-------------------------------------------
     0 | D:1      | boopmooplesden the Palentonga Fighter began the quest for
                  | the Orb.
     0 | D:1      | Reached XP level 1. HP: 19/19 MP: 1/1
    74 | D:1      | Reached XP level 2. HP: 22/25 MP: 2/2
  1122 | D:1      | Reached XP level 3. HP: 31/31 MP: 3/3
  1263 | D:2      | Found a faded altar of an unknown god.
  1811 | D:3      | Reached skill level 3 in Axes
  1811 | D:3      | Reached XP level 4. HP: 9/37 MP: 4/4
  2141 | D:3      | Found a stormy altar of Qazlal.
  2157 | D:3      | Found a blossoming altar of Fedhas.
  2318 | D:3      | Identified the +1 ring mail "Qaheuz" {rPois rCorr Dex+8
                  | Stlth-}
  2350 | D:3      | Reached XP level 5. HP: 34/43 MP: 5/5
  2754 | D:3      | Reached skill level 4 in Axes
  3007 | D:4      | Noticed Edmund
  3020 | D:4      | Killed Edmund
  3021 | D:4      | Reached skill level 1 in Dodging
  3021 | D:4      | Reached XP level 6. HP: 50/50 MP: 6/6
  3037 | D:4      | Noticed Natasha
  3040 | D:4      | Found a shadowy altar of Dithmenos.
  3042 | D:4      | Killed Natasha
  3113 | D:4      | Reached skill level 5 in Axes
  3295 | D:4      | You fall into a shaft and drop 2 floors!
  3339 | D:5      | Entered Level 5 of the Dungeon
  3473 | D:6      | Found a staircase to the Ecumenical Temple.
  3473 | D:6      | Noticed Dowan
  3476 | D:6      | Reached skill level 1 in Stealth
  3477 | D:6      | Noticed Duvessa
  3490 | D:6      | Killed Dowan
  3491 | D:6      | Gained mutation: You curl defensively after being hit. (AC
                  | +7*) [Palentonga growth]
  3491 | D:6      | Reached XP level 7. HP: 55/56 MP: 7/7
  3495 | D:6      | Mangled by Duvessa

Illustrated notes

Levels and vault maps discovered:
D:1:      dpeg_arrival_radiant, layout_basic, minmay_misc_feat_iff, hex_medium,
          nicolae_grassy_gnolls
D:2:      layout_rooms, nicolae_ecumenical_oubliette
D:3:      layout_loops_ring, grunt_temple_overflow_forces_of_nature,
          serial_bayou, serial_bayou_pond_e, serial_bayou_crossing,
          serial_bayou_pond_e, serial_bayou_pond_c, serial_bayou_pond_c,
          minmay_bisected
D:4:      layout_loops_cross, mainiacjoe_overflow_tiny_flanked,
          guppyfry_shop_venom, uniq_edmund, uniq_natasha
D:5:      layout_loops_corners, slow_altar_1, minmay_crystal_water
D:6:      layout_basic, tgw_trog, minmay_temple_entry_sparse_star,
          gammafunk_ghost_nasty_kobolds, uniq_duvessa, uniq_pikel, uniq_sigmund

Skill      XL: |  1  2  3  4  5  6 |
---------------+-------------------+-----
Shields        | 3 |  3.3
Axes           | 3 4 5 |  5.3
Armour         | 3 |  3.9
Dodging        | 1 |  1.1
Stealth        | 1 |  1.1
Fighting       | |  3.8

Action                   |  1- 3 |  4- 6 |  7- 9 || total
-------------------------+-------+-------+-------++-------
Melee: War axe           |    90 |    98 |     5 ||   193
       Tailslap          |     8 |    17 |       ||    25
Evoke: Wand              |       |     2 |       ||     2
  Use: Scroll            |     3 |     1 |       ||     4
 Stab: Paralysed         |       |     7 |       ||     7
Armor: Scale mail        |    57 |    27 |       ||    84
       Chain mail        |       |    19 |       ||    19
Dodge: Dodged            |    47 |    31 |     2 ||    80
Block: Buckler           |    17 |    19 |     1 ||    37
